 Dungeon Crawl Stone Soup version 0.29.0-11-gd7f09526c8 (webtiles) character file.

Game seed: 9697407566304559820

37 benadryl the Digger (level 3, -2/33 HPs)
             Began as a Troll Earth Elementalist on Sept 5, 2022.
             Killed by divine providence
             ... invoked by an orc priest
              (13 damage)
             ... on level 2 of the Dungeon.
             The game lasted 00:00:44 (1147 turns).

benadryl the Digger (Troll Earth Elementalist)      Turns: 1147, Time: 00:00:45

Health: -2/33      AC:  4    Str: 16    XL:     3   Next: 23%
Magic:  3/3        EV:  9    Int: 13    God:
Gold:   107        SH:  0    Dex: 10    Spells: 3/4 levels left

rFire   . . .      SeeInvis .     - Unarmed
rCold   . . .      Faith    .   (no shield)
rNeg    . . .      Spirit   .   a - +0 robe
rPois   .          Reflect  .   (helmet restricted)
rElec   .          Harm     .   (no cloak)
rCorr   .          Rampage  .   (gloves unavailable)
Will    .....                   (boots unavailable)
Stlth   +.........              (no amulet)
HPRegen 0.91/turn               (no ring)
MPRegen 0.08/turn               (no ring)

@: no status effects
A: large, unfitting armour, claws 3, regeneration 1, shaggy fur 1, tough skin 1
a: no special abilities


You were on level 2 of the Dungeon.
You visited 1 branch of the dungeon, and saw 2 of its levels.

You collected 107 gold pieces.

Inventory:

Missiles
 i - 5 large rocks
Armour
 a - a +0 robe (worn)
Scrolls
 c - a scroll of enchant weapon {unknown}
 h - a scroll of identify {unknown}
 j - a scroll of brand weapon {unknown}
Potions
 b - 3 potions of magic
 d - a potion of flight {unknown}
 e - a potion of might {unknown}
 f - a potion of resistance {unknown}
 g - 2 potions of lignification {unknown}
 k - 2 potions of haste {unknown}


   Skills:
 + Level 1.1 Fighting
 - Level 1.5 Dodging
 - Level 1.0 Stealth
 * Level 2.3 Unarmed Combat
 - Level 1.2 Spellcasting
 - Level 0.6 Transmutations
 - Level 2.6 Earth Magic


You had 3 spell levels left.
You knew the following spells:

 Your Spells              Type           Power      Damage    Failure   Level
a - Sandblast             Erth           14%        2d6       9%          1

Your spell library contained the following spells:

 Spells                   Type           Power      Damage    Failure   Level
 Passwall                 Tmut/Erth      4%         N/A       22%         2
 Stone Arrow              Conj/Erth      8%         3d7       43%         3
 Petrify                  Tmut/Erth      5%         N/A       80%         4


Dungeon Overview and Level Annotations

Branches:
Dungeon (2/15)

Altars:

Shops:
D:1 ?


Innate Abilities, Weirdness & Mutations

You are too large for most types of armour.
You have claws for hands.
Your natural rate of healing is unusually fast.
You are covered in fur. (AC +1)
You have tough skin. (AC +1)


Message History

You are too injured to fight recklessly!
You are too injured to fight recklessly!
You are too injured to fight recklessly!
There are monsters nearby!
You are too injured to fight recklessly!
You are too injured to fight recklessly!
You are too injured to fight recklessly!
You are too injured to fight recklessly!
You are too injured to fight recklessly!
There are monsters nearby!
You are too injured to fight recklessly!
You are too injured to fight recklessly!
You are too injured to fight recklessly!
You are too injured to fight recklessly!
You are too injured to fight recklessly!
You closely miss the goblin. The goblin hits you but does no damage.
You closely miss the goblin. The goblin hits you with a +0 dagger.
A hobgoblin comes into view.
An orc priest comes into view. It is wielding a +0 club.
The orc priest shouts!
You scratch the goblin.
You kill the goblin!
You claw the orc!
You kill the orc!
The orc priest miscasts a cantrip.
You barely miss the hobgoblin. The hobgoblin hits you.
The orc priest invokes the aid of Beogh against you.
Beogh smites you!
Items here: )) [ †.
You claw the orc priest!
The orc priest is heavily wounded.
The hobgoblin hits you. The orc priest barely misses you.
You barely miss the orc priest.
The orc priest is heavily wounded.
You scratch the orc priest but do no damage.
The orc priest is heavily wounded.
The hobgoblin barely misses you.
The orc priest mumbles some strange prayers to Beogh against you.
Beogh smites you!
You die...

#.........####...
+.........'......
#.........####...
##......>## ##.#
##.....## ###
##...## ##'##
#.#########.#
#..ooo@g....#
#..#######..#
#...# ......
##...#.# #..##.#
..## # ###


You could see 2 orc priests, an orc and a hobgoblin.

Vanquished Creatures
  A dart slug (D:1)
  An orc (D:2)
  4 ball pythons
  5 endoplasms (D:1)
  3 giant cockroaches (D:1)
  4 goblins
  A hobgoblin (D:1)
  A kobold (D:1)
  A quokka (D:1)
  7 frilled lizards
  4 rats
32 creatures vanquished.

Notes
Turn   | Place    | Note
-------+----------+-------------------------------------------
     0 | D:1      | benadryl the Troll Earth Elementalist began the quest for
                  | the Orb.
     0 | D:1      | Reached XP level 1. HP: 16/16 MP: 1/1
   122 | D:1      | Found a faded altar of an unknown god.
   133 | D:1      | Reached skill level 1 in Unarmed Combat
   175 | D:1      | Reached XP level 2. HP: 26/26 MP: 2/2
   372 | D:1      | Reached skill level 1 in Fighting
   394 | D:1      | Found Toler's Magic Scroll Boutique.
   581 | D:1      | Reached XP level 3. HP: 33/33 MP: 3/3
  1147 | D:2      | Killed from afar by an orc priest

Illustrated notes

Levels and vault maps discovered:
D:1:      amcnicky_arrival_flooded_fountain, layout_basic,
          basic_ecumenical_altar, serial_shops, nicolae_shop_waterfront
D:2:      layout_loops_corners, serial_shops, shop

Skill      XL: |  1  2 |
---------------+-------+-----
Unarmed Combat | 1 2 |  2.3
Fighting       | 1 |  1.1
Dodging        | |  1.5
Stealth        | |  1.0
Spellcasting   | |  1.2
Transmutations | |  0.6
Earth Magic    | |  2.6

Action                   || total
-------------------------++-------
Melee: Unarmed           ||    91
       Punch             ||     2
 Stab: Sleeping          ||     1
Armor: Robe              ||    28
Dodge: Dodged            ||    42
